 Dungeon Sprint DCSS version 0.21.1-1-g345015f (webtiles) character file.

47182 wilfster70 the Bludgeoner (level 14, -8/99 HPs)
             Began as a Gargoyle Monk on Apr 26, 2018.
             Was the Champion of Makhleb.
             Mangled by a vault warden
             ... wielding a +0 battleaxe
              (36 damage)
             ... in the Dungeon (Sprint IX: "|||||||||||||||||||||||||||||").
             The game lasted 00:16:11 (2474 turns).

wilfster70 the Bludgeoner (Gargoyle Monk)           Turns: 2474, Time: 00:16:12

Health: -8/99      AC: 55    Str: 19    XL:     14   Next: 40%
Magic:  30/30      EV:  8    Int: 15    God:    Makhleb [******]
Gold:   486        SH:  0    Dex: 12    Spells: 34/37 levels left

rFire    . . .     SeeInvis .   a - +2 great mace (protect)
rCold    . . .     Gourm    +   (shield currently unavailable)
rNeg     + . .     Faith    .   x - +2 crystal plate armour
rPois    ∞         Spirit   .   v - +0 helmet
rElec    +         Reflect  .   o - +1 cloak
rCorr    .         Harm     .   A - +1 pair of gloves
MR       +....     NoTele   +   n - +1 pair of boots
Stlth    ..........             y - amulet of the gourmand
HPRegen  0.26/turn              q - +2 ring of protection
MPRegen  0.22/turn              r - +3 ring of intelligence

@: protection aura
A: big wings, negative energy resistance 1, electricity resistance, unbreathing,
petrification resistance, rot immunity, AC +10
a: Fly, Minor Destruction, Lesser Servant of Makhleb, Major Destruction, Greater
Servant of Makhleb, Renounce Religion


You were in the Dungeon.
You worshipped Makhleb.
Makhleb was exalted by your worship.
You were very full.

You visited 1 branch You collected 1926 gold pieces.
You spent 1440 gold pieces at shops.

Inventory:

Hand Weapons
 a - a +2 great mace of protection (weapon)
Armour
 n - a +1 pair of boots (worn)
 o - a +1 cloak (worn)
 v - a +0 helmet (worn)
 x - a +2 crystal plate armour (worn)
 A - a +1 pair of gloves (worn)
Jewellery
 j - an uncursed ring of fire
 p - an uncursed ring of fire
 q - a +2 ring of protection (left hand)
 r - a +3 ring of intelligence (right hand)
 y - an amulet of the gourmand (around neck)
Wands
 m - a wand of iceblast (10)
Scrolls
 i - 2 scrolls of blinking
 k - 3 scrolls of remove curse
 l - 2 scrolls of amnesia
 t - 2 scrolls of fog
 u - 3 scrolls of identify
 B - 2 scrolls of fear
Potions
 b - 3 potions of might
 e - a potion of invisibility
 f - 2 potions of haste
 g - 4 potions of magic
 h - 4 potions of heal wounds
 s - 2 potions of resistance
 D - 7 potions of curing
Books
 w - a book of Minor Magic

   Spells                             Type                      Level
   a - Magic Dart                     Conjuration                  1
   b - Blink                          Translocation                2
   c - Call Imp                       Summoning                    2
   d - Slow                           Hexes                        2
   e - Conjure Flame                  Conjuration/Fire             3
   f - Mephitic Cloud                 Conjuration/Poison/Air       3
Comestibles
 c - 11 rations
 d - a chunk of flesh


   Skills:
 - Level 15.7 Fighting
 - Level 20.0 Maces & Flails
 - Level 15.4 Armour
 - Level 12.5 Dodging
 - Level 2.1 Stealth
 + Level 12.1 Spellcasting
 + Level 14.1 Conjurations
 + Level 13.0 Fire Magic


You had 34 spell levels left.
You knew the following spells:

 Your Spells              Type           Power        Failure   Level  Hunger
a - Conjure Flame         Conj/Fire      #####...     5%          3    None


Dungeon Overview and Level Annotations

Branches:
Dungeon (1/1)

Altars:
Cheibriados
Dithmenos
Elyvilon
Fedhas
Gozag
Hepliaklqana
Kikubaaqudgha
Makhleb
Nemelex Xobeh
Okawaru
Qazlal
Ru
Sif Muna
Trog
Uskayaw
Vehumet
Wu Jian
Xom
Yredelemnul
Zin
The Shining One
Beogh
Jiyva
Lugonu

Shops:
D :*!%

Annotations:
D Maurice


Innate Abilities, Weirdness & Mutations

You are resistant to torment.
Your stone body is resilient. (AC +10)
You are immune to poison.
Your large and strong wings let you fly indefinitely.
You resist negative energy. (rN+)
You are resistant to electric shocks. (rElec)
You can survive without breathing.
You are immune to petrification.
You are immune to rotting.


Message History

The vault warden is moderately wounded.
You bludgeon the vault warden!!
The vault warden is heavily wounded.
The vault warden hits you but does no damage.
You bludgeon the vault warden!!
The vault warden is severely wounded.
The vault sentinel blows a loud note on a signal horn!
You hear a shout!
Your crystal plate armour prevents you from hitting the vault warden.
The vault warden is severely wounded.
The vault warden hits you with a battleaxe.
Your crystal plate armour prevents you from hitting the vault warden.
The vault warden is severely wounded.
You hit the vault warden.
The vault warden is severely wounded.
The vault warden hits you with a battleaxe!!
* * * LOW HITPOINT WARNING * * *
You feel much better.
The vault warden hits you with a battleaxe!!!
You die...

▓▓▓▓▓▓▓▓▓▓▓▓▓▓▓▓▓▓▓▓▓▓▓▓
)[.(.).........(@pppoCWJ
▓▓▓▓▓▓▓▓▓▓▓▓▓▓▓▓▓▓▓▓▓▓▓▓▓▓▓▓▓▓▓▓▓
.................)...............
▓▓▓▓▓▓▓▓▓▓▓▓▓▓▓▓▓▓▓▓▓▓▓▓▓♣♣♣♣♣♣♣♣
(....(()))))...†.........†.......
▓▓▓▓▓▓▓▓▓▓▓▓▓▓▓▓▓▓▓▓▓▓▓▓▓♣♣♣♣♣♣♣♣
.................................
▓▓▓▓▓▓▓▓▓▓▓▓▓▓▓▓▓▓▓▓▓▓▓▓▓▓▓▓▓▓▓▓▓
))).[[[[[[[[...(....(()).........


You could see a vault warden, an orc knight, a slime creature, a vault sentinel,
a cyclops, an ironbrand convoker and a wraith.

Vanquished Creatures
  A shadow dragon (D)
  A fire giant (D)
  4 stone giants (D)
  2 emperor scorpions (D)
  A very ugly thing (D)
  An entropy weaver (D)
  2 yaktaur captains (D)
  A great orb of eyes (D)
  2 ogre magi (D)
  A fire dragon (D)
  A hydra (D)
  3 naga warriors (D)
  2 ice dragons (D)
  A ghost crab (D)
  2 anacondas (D)
  Erica (D)
  2 centaur warriors (D)
  A tengu warrior (D)
  An orc high priest (D)
  A vampire mage (D)
  A naga sharpshooter (D)
  A glowing orange brain (D)
  3 sea snakes (D)
  A flayed ghost (D)
  3 lindwurms (D)
  A swamp dragon (D)
  2 orc knights (D)
  A harpy (D)
  A shambling mangrove (D)
  An orb spider (D)
  12 orc sorcerers (D)
  An ugly thing (D)
  2 manticores (D)
  A wolf spider (D)
  A cyclops (D)
  Joseph (D)
  A naga mage (D)
  A black mamba (D)
  An elephant (D)
  4 spiny frogs (D)
  A komodo dragon (D)
  2 yaktaurs (D)
  A tengu conjurer (D)
  A demonic crawler (D)
  A jumping spider (D)
  A merfolk (D)
  A meliai (shapeshifter) (D)
  A tyrant leech (D)
  A hornet (D)
  A wind drake (shapeshifter) (D)
  A snapping turtle (D)
  A bog body (D)
  2 hippogriffs (D)
  A shadow (D)
  2 redbacks (D)
  A yak (D)
  A wyvern (D)
  A tarantella (D)
  A basilisk (D)
  2 vampire mosquitoes (D)
  A naga (D)
  3 water moccasins (D)
  2 porcupines (D)
  An ice beast (D)
  11 orc warriors (D)
  A sky beast (D)
  An eye of draining (D)
  A boggart (D)
  A centaur (D)
  A big kobold (D)
  3 crocodiles (D)
  4 bullfrogs (D)
  2 wights (D)
  A jelly (D)
  4 orc wizards (D)
  A worker ant (D)
  An ooze (D)
  An adder zombie (D)
  An adder skeleton (D)
  4 worms (D)
  An adder simulacrum (D)
  9 orcs (D)
  2 giant cockroaches (D)
  2 hobgoblins (D)
  A ball python skeleton (D)
  A goblin (D)
  A kobold (D)
  A rat (D)
158 creatures vanquished.

Vanquished Creatures (others)
  A spiny frog (D)
  A hornet (D)
  A blink frog (D)
3 creatures vanquished.

Grand Total: 161 creatures vanquished

Notes
Turn   | Place    | Note
-------+----------+-------------------------------------------
     0 | D        | wilfster70 the Gargoyle Monk began the quest for the Orb.
     0 | D        | Reached XP level 1. HP: 14/14 MP: 1/1
     9 | D        | Reached skill level 1 in Armour
    22 | D        | Noticed a sky beast
    22 | D        | Noticed a worker ant
    38 | D        | Killed a sky beast
    38 | D        | Reached skill level 5 in Fighting
    38 | D        | Reached skill level 6 in Maces & Flails
    38 | D        | Reached XP level 2. HP: 14/21 MP: 2/2
    38 | D        | Reached XP level 3. HP: 17/26 MP: 3/3
    38 | D        | Reached XP level 4. HP: 20/31 MP: 4/4
    50 | D        | Reached XP level 5. HP: 11/36 MP: 5/5
    98 | D        | Found a roughly hewn altar of Beogh.
    98 | D        | Found a snail-covered altar of Cheibriados.
    98 | D        | Found a shadowy altar of Dithmenos.
    98 | D        | Found a white marble altar of Elyvilon.
    98 | D        | Found a blossoming altar of Fedhas.
    98 | D        | Found an opulent altar of Gozag.
    99 | D        | Found a hazy altar of Hepliaklqana.
   100 | D        | Found a viscous altar of Jiyva.
   101 | D        | Found an ancient bone altar of Kikubaaqudgha.
   102 | D        | Found a corrupted altar of Lugonu.
   103 | D        | Found a burning altar of Makhleb.
   104 | D        | Found a sparkling altar of Nemelex Xobeh.
   105 | D        | Found an iron altar of Okawaru.
   106 | D        | Found a stormy altar of Qazlal.
   107 | D        | Found a sacrificial altar of Ru.
   108 | D        | Found a deep blue altar of Sif Muna.
   109 | D        | Found a bloodstained altar of Trog.
   110 | D        | Found a hide-covered altar of Uskayaw.
   111 | D        | Became a worshipper of Makhleb the Destroyer
   111 | D        | Reached * piety under Makhleb
   111 | D        | Reached ** piety under Makhleb
   112 | D        | Found a radiant altar of Vehumet.
   113 | D        | Found an ornate altar of the Wu Jian Council.
   114 | D        | Found a shimmering altar of Xom.
   115 | D        | Found a basalt altar of Yredelemnul.
   116 | D        | Found a glowing silver altar of Zin.
   117 | D        | Found a glowing golden altar of the Shining One.
   173 | D        | Noticed a yak
   173 | D        | Noticed a big kobold
   173 | D        | Noticed an orc warrior
   173 | D        | Noticed an ice beast
   178 | D        | Reached skill level 7 in Maces & Flails
   178 | D        | Reached skill level 5 in Armour
   192 | D        | Killed a yak
   192 | D        | Reached skill level 8 in Maces & Flails
   192 | D        | Reached skill level 5 in Dodging
   192 | D        | Reached XP level 6. HP: 19/44 MP: 6/6
   197 | D        | Reached *** piety under Makhleb
   197 | D        | Reached skill level 9 in Maces & Flails
   208 | D        | Killed an orc warrior
   208 | D        | Reached XP level 7. HP: 28/49 MP: 7/7
   221 | D        | Reached skill level 10 in Maces & Flails
   357 | D        | Noticed a four-headed hydra
   357 | D        | Noticed a centaur warrior
   357 | D        | Noticed a hippogriff
   361 | D        | Reached **** piety under Makhleb
   373 | D        | Killed a four-headed hydra
   373 | D        | Reached skill level 11 in Maces & Flails
   373 | D        | Reached XP level 8. HP: 27/57 MP: 0/8
   378 | D        | Reached skill level 12 in Maces & Flails
   395 | D        | Killed a centaur warrior
   395 | D        | Reached skill level 10 in Fighting
   395 | D        | Reached skill level 10 in Armour
   395 | D        | Reached XP level 9. HP: 32/63 MP: 3/9
   399 | D        | Reached ***** piety under Makhleb
   399 | D        | Reached skill level 13 in Maces & Flails
   612 | D        | Noticed a spiny frog
   612 | D        | Noticed a spiny frog
   626 | D        | Killed a spiny frog
   629 | D        | Noticed a spiny frog
   646 | D        | Killed a spiny frog
   646 | D        | Reached skill level 14 in Maces & Flails
   649 | D        | Reached XP level 10. HP: 59/70 MP: 10/10
   660 | D        | Killed a spiny frog
   673 | D        | Noticed a spiny frog
   673 | D        | Noticed an elephant
   675 | D        | Reached ****** piety under Makhleb
   692 | D        | Killed a spiny frog
   708 | D        | Killed an elephant
   708 | D        | Reached skill level 15 in Maces & Flails
   734 | D        | Noticed a lindwurm
   734 | D        | Noticed a lindwurm
   734 | D        | Noticed a lindwurm
   753 | D        | Killed a lindwurm
   762 | D        | Killed a lindwurm
   762 | D        | Reached skill level 10 in Dodging
   777 | D        | Killed a lindwurm
   793 | D        | Reached XP level 11. HP: 57/77 MP: 11/11
   911 | D        | Noticed Maurice
   955 | D        | Reached skill level 16 in Maces & Flails
   956 | D        | Noticed an orc high priest
   984 | D        | Killed an orc high priest
  1052 | D        | Noticed an orc knight
  1053 | D        | Noticed an orc sorcerer
  1055 | D        | Noticed a sun demon
  1058 | D        | Noticed an orc knight
  1076 | D        | Killed an orc knight
  1083 | D        | Killed an orc sorcerer
  1097 | D        | Killed an orc knight
  1145 | D        | Found Patumaele's Book Emporium.
  1145 | D        | Noticed an orc sorcerer
  1145 | D        | Noticed an orc sorcerer
  1145 | D        | Noticed an orc sorcerer
  1145 | D        | Noticed an orc sorcerer
  1145 | D        | Noticed an orc sorcerer
  1147 | D        | Noticed a sun demon
  1149 | D        | Killed an orc sorcerer
  1155 | D        | Killed an orc sorcerer
  1156 | D        | Noticed an orc sorcerer
  1160 | D        | Killed an orc sorcerer
  1163 | D        | Noticed an orc sorcerer
  1164 | D        | Noticed a soul eater
  1169 | D        | Killed an orc sorcerer
  1173 | D        | Noticed a sun demon
  1173 | D        | Killed an orc sorcerer
  1173 | D        | Reached skill level 15 in Fighting
  1174 | D        | Found Utearche's General Store.
  1187 | D        | Noticed a soul eater
  1187 | D        | Killed an orc sorcerer
  1191 | D        | Killed an orc sorcerer
  1198 | D        | Found Wafruemina's Distillery.
  1202 | D        | Found Detapoob's Food Shoppe.
  1218 | D        | Noticed an orc sorcerer
  1219 | D        | Noticed an orc sorcerer
  1220 | D        | Noticed a sun demon
  1220 | D        | Noticed an orc sorcerer
  1221 | D        | Noticed an orc sorcerer
  1240 | D        | Killed an orc sorcerer
  1240 | D        | Reached skill level 15 in Armour
  1245 | D        | Killed an orc sorcerer
  1245 | D        | Reached XP level 12. HP: 88/88 MP: 12/12
  1267 | D        | Bought a book of Minor Magic for 240 gold pieces
  1271 | D        | Bought 2 potions of heal wounds for 140 gold pieces
  1271 | D        | Bought a potion of haste for 140 gold pieces
  1277 | D        | Bought a +2 crystal plate armour for 920 gold pieces
  1293 | D        | Learned a level 3 spell: Conjure Flame
  1328 | D        | Noticed Joseph
  1340 | D        | Killed Joseph
  1340 | D        | Reached skill level 1 in Spellcasting
  1340 | D        | Reached skill level 1 in Conjurations
  1340 | D        | Reached skill level 1 in Fire Magic
  1405 | D        | Found the +8 lance "Wyrmbane" {slay drac, rPois rF+ rC+ AC+3}
  1506 | D        | Noticed a stone giant
  1525 | D        | Noticed an ice dragon
  1526 | D        | Killed a stone giant
  1528 | D        | Noticed a fire giant
  1533 | D        | Noticed a tengu warrior
  1534 | D        | Noticed a centaur warrior
  1545 | D        | Killed an ice dragon
  1548 | D        | Killed a fire giant
  1555 | D        | Killed a tengu warrior
  1555 | D        | Reached skill level 5 in Conjurations
  1560 | D        | Killed a centaur warrior
  1560 | D        | Reached skill level 17 in Maces & Flails
  1560 | D        | Reached skill level 5 in Fire Magic
  1779 | D        | Reached skill level 5 in Spellcasting
  1842 | D        | Reached XP level 13. HP: 93/93 MP: 20/22
  1870 | D        | Reached skill level 18 in Maces & Flails
  1946 | D        | Noticed an emperor scorpion
  1946 | D        | Noticed an emperor scorpion
  1978 | D        | Killed an emperor scorpion
  2001 | D        | Killed an emperor scorpion
  2001 | D        | Reached skill level 19 in Maces & Flails
  2018 | D        | Reached skill level 10 in Conjurations
  2140 | D        | Noticed Erica
  2153 | D        | Killed Erica
  2211 | D        | Noticed a purple very ugly thing
  2211 | D        | Noticed a stone giant
  2211 | D        | Noticed an ogre mage
  2211 | D        | Noticed an ogre mage
  2212 | D        | Noticed a shadow dragon
  2225 | D        | Noticed a stone giant
  2232 | D        | Killed a purple very ugly thing
  2232 | D        | Reached skill level 10 in Fire Magic
  2241 | D        | Killed a stone giant
  2263 | D        | Reached skill level 20 in Maces & Flails
  2275 | D        | Killed a shadow dragon
  2280 | D        | Noticed a stone giant
  2288 | D        | Killed a stone giant
  2288 | D        | Reached skill level 10 in Spellcasting
  2288 | D        | Gained mutation: Your large and strong wings let you fly indefinitely. [Gargoyle growth]
  2288 | D        | Reached XP level 14. HP: 99/99 MP: 26/28
  2328 | D        | Killed a stone giant
  2437 | D        | Noticed an entropy weaver
  2438 | D        | Noticed a vault warden
  2461 | D        | Killed an entropy weaver
  2474 | D        | Mangled by a vault warden

Skill      XL: |  1  2  3  4  5  6  7  8  9 10 11 12 13 14 |
---------------+-------------------------------------------+-----
Armour         | 4 6 7 9 10 11 12 15 | 15.4
Fighting       | 5 7 8 9 10 11 12 15 | 15.7
Maces & Flails | 6 8 9 11 12 14 15 16 17 20 | 20.0
Dodging        | 4 5 6 7 8 9 10 12 | 12.5
Spellcasting   | 6 10 12 | 12.1
Conjurations   | 7 11 14 | 14.1
Fire Magic     | 6 11 13 | 13.0
Stealth        | |  2.1

Action                   |  1- 3 |  4- 6 |  7- 9 | 10-12 | 13-15 || total
-------------------------+-------+-------+-------+-------+-------++-------
Melee: Mace              |    24 |    19 |       |       |       ||    43
       Morningstar       |       |    35 |    88 |   304 |       ||   427
       Great mace        |       |       |       |   125 |   411 ||   536
  Use: Potion            |     1 |     1 |     1 |     2 |     2 ||     7
       Scroll            |       |       |     4 |     2 |       ||     6
  Eat: Chunk             |       |       |       |    20 |     3 ||    23
Armor: Robe              |     6 |     5 |       |       |       ||    11
       Plate armour      |       |    22 |    66 |   141 |       ||   229
       Crystal plate arm |       |       |       |   110 |   433 ||   543
Dodge: Dodged            |     9 |    24 |    25 |   141 |   140 ||   339
